Map: 2000 애트모스피어 - 래더

Players

Trap - Winner!

  • Race: Protoss Protoss

PtitDrogo

  • Race: Protoss Protoss
  • League: Master

VOD

Have the link to the VOD?

Description

Time

  • Played on: Oct. 21, 2021, 7:24 a.m.
  • Length: 4:13
Show
View Real Time Build Order
Export as new Build Order

Trap Protoss - Winner!

Build Orders:  

Get SALT Encoding   

  12  0:00  Probe  
  13  0:12  Probe  
  14  0:18  Pylon  
  14  0:24  Probe  
  15  0:37  Probe (Chrono Boost), Gateway  
  16  0:46  Probe (Chrono Boost), Assimilator  
  17  0:51  Probe  
  17  0:56  Assimilator  
  18  1:03  Probe (Chrono Boost)  
  19  1:09  Gateway  
  19  1:13  Probe (Chrono Boost)  
  19  1:18  Probe (Chrono Boost)  
  20  1:24  Cybernetics Core  
  21  1:29  Probe  
  22  1:36  Pylon  
  22  1:41  Probe  
  23  1:54  Probe  
  23  1:58  Warp Gate (Chrono Boost)  
  23  2:01  Adept x2  
  28  2:13  Pylon  
  28  2:31  Adept x2  
  31  2:44  Nexus  
  31  2:48  Probe  
  32  3:01  Adept x2  
  36  3:08  Pylon  
  36  3:10  Probe  
  37  3:20  Robotics Facility  
  37  3:22  Probe  
  38  3:34  Probe  
  33  3:50  Adept x2  
  33  3:54  Probe (Chrono Boost)  
  38  3:55  Shield Battery  
  38  3:57  Probe (Chrono Boost)  
  39  4:06  Probe (Chrono Boost)  
Show
View Real Time Build Order
Export as new Build Order

PtitDrogo Protoss 

Build Orders:  

Get SALT Encoding   

  12  0:00  Probe  
  13  0:12  Probe  
  14  0:18  Pylon  
  14  0:24  Probe (Chrono Boost)  
  15  0:37  Probe (Chrono Boost), Gateway  
  16  0:45  Probe (Chrono Boost)  
  16  0:46  Assimilator  
  17  0:51  Probe  
  18  0:57  Assimilator  
  18  1:03  Probe (Chrono Boost)  
  19  1:09  Gateway  
  19  1:12  Probe (Chrono Boost)  
  19  1:17  Probe (Chrono Boost)  
  20  1:24  Cybernetics Core  
  21  1:29  Probe  
  22  1:35  Pylon  
  22  1:42  Probe  
  22  1:54  Probe  
  23  2:01  Stalker, Warp Gate (Chrono Boost)  
  23  2:02  Sentry  
  27  2:12  Pylon  
  27  2:19  Pylon  
  27  2:28  Stalker  
  29  2:43  Nexus  
  29  2:45  Probe  
  29  2:50  Shield Battery  
  30  2:57  Probe  
  31  3:00  Pylon  
  35  3:05  Sentry x2  
  35  3:09  Probe  
  35  3:11  Pylon  
  36  3:21  Probe  
  37  3:31  Twilight Council  
  37  3:33  Probe  
  33  3:42  Adept  
  33  3:45  Adept  
  31  3:52  Probe (Chrono Boost)  
  31  3:58  Probe (Chrono Boost)  
  33  4:04  Probe (Chrono Boost)  
Tags
 
Add a new tag
Caveats
  • Supply blocks, unpowered buildings, or Contaminate may cause inaccurate times.
  • Supply counts are checked every 10 seconds.